 Dungeon Crawl Stone Soup version 0.26.1-11-gd32895ea62 (webtiles) character file.

Game seed: 8848661039819989717

313 Almogavar the Conjurer (level 6, 0/37 HPs)
             Began as an Octopode Conjurer on May 7, 2021.
             Was an Initiate of Nemelex Xobeh.
             Slain by a centaur (10 damage)
             ... on level 6 of the Dungeon.
             The game lasted 00:14:43 (5128 turns).

Almogavar the Conjurer (Octopode Conjurer)          Turns: 5128, Time: 00:14:44

Health: 0/37       AC:  1    Str:  6    XL:     6   Next: 43%
Magic:  7/11       EV: 13    Int: 23    God:    Nemelex Xobeh [......]
Gold:   269        SH:  0    Dex: 10    Spells: 9/12 levels left

rFire    . . .     SeeInvis .   y - staff of death
rCold    + . .     Faith    .   (no shield)
rNeg     + . .     Spirit   .   (helmet restricted)
rPois    .         Reflect  .   (no amulet)
rElec    .         Harm     .   t - ring of protection from cold
rCorr    .         Rampage  .   (no ring)
Will     .....                  (no ring)
Stlth    +++.......             (no ring)
HPRegen  0.12/turn              (no ring)
MPRegen  0.12/turn              (no ring)
                                (no ring)
                                (no ring)

@: no status effects
A: almost no armour, stealthy swim, amphibious, 8 rings, constrict 8, camouflage
1, gelatinous body 1
a: Renounce Religion, Draw Escape, Draw Destruction, Draw Summoning


You were on level 6 of the Dungeon.
You worshipped Nemelex Xobeh.
Nemelex Xobeh was noncommittal.
You visited 2 branches of the dungeon, and saw 6 of its levels.

You collected 269 gold pieces.

Inventory:

Hand Weapons
 b - a +0 hunting sling
 w - a +0 falchion
Missiles
 d - 93 stones
 e - 46 arrows
 g - 36 poisoned darts
 s - 3 javelins
Armour
 x - a +0 buckler
Magical Staves
 y - an uncursed staff of death (weapon)
Jewellery
 t - a ring of protection from cold (left tentacle)
Wands
 i - a wand of acid (2)
Scrolls
 c - 2 scrolls of identify
 f - a scroll of blinking {unknown}
 h - 3 scrolls of teleportation
 k - 3 scrolls of magic mapping
 l - 4 scrolls of fear {unknown}
 m - a scroll of enchant armour {unknown}
 o - a scroll of amnesia {unknown}
 p - 2 scrolls of remove curse {unknown}
 z - a scroll of vulnerability {unknown}
Potions
 a - a potion of brilliance {unknown}
 j - a potion of ambrosia {unknown}
 n - 3 potions of curing
 q - a potion of flight {unknown}
 r - a potion of heal wounds {unknown}
 u - a potion of magic {unknown}
 v - a potion of resistance {unknown}


   Skills:
 + Level 0.7 Fighting
 + Level 2.3 Dodging
 + Level 3.8 Stealth
 + Level 3.8 Spellcasting
 + Level 5.9 Conjurations


You had 9 spell levels left.
You knew the following spells:

 Your Spells              Type           Power        Failure   Level
a - Magic Dart            Conj           100%         1%          1
b - Searing Ray           Conj           62%          1%          2

Your spell library contained the following spells:

 Spells                   Type           Power        Failure   Level
 Dazzling Flash           Conj/Hex       36%          10%         3
 Fulminant Prism          Conj/Hex       9%           30%         4
 Iskenderun's Mystic Bla  Conj/Tloc      18%          30%         4


Dungeon Overview and Level Annotations

Branches:
Dungeon (6/15)             Temple (1/1) D:6

Altars:
Ashenzari
Cheibriados
Dithmenos
Elyvilon
Fedhas
Gozag
Hepliaklqana
Makhleb
Nemelex Xobeh
Okawaru
Qazlal
Sif Muna
Vehumet
Xom
Yredelemnul
The Shining One


Innate Abilities, Weirdness & Mutations

You cannot wear most types of armour.
You are very stealthy in the water. (Stealth+)
You are amphibious.
You can wear up to eight rings at the same time.
You can use your tentacles to constrict eight enemies at once.
Your skin changes colour to match your surroundings (Stealth+).
Your rubbery body absorbs attacks. (AC +1, EV +1)


Message History

It was a potion of curing.
You feel better.
Casting: Magic Dart (safe; 1% risk of failure)
Confirm with . or Enter, or press ? or * to list all spells.
Okay, then.
Casting: Magic Dart (safe; 1% risk of failure)
Confirm with . or Enter, or press ? or * to list all spells.
Aiming: Searing Ray (safe; 1% risk of failure)
Press: ? - help, Shift-Dir - straight line, f - centaur
Aim: a centaur, wielding a +2 vorpal shortbow and quivering 12 arrows (13% to evade)
The searing ray hits the centaur.
The centaur is lightly wounded. (Press . to maintain the ray.)
The searing ray hits the centaur!
The centaur is heavily wounded.
The centaur unwields a +2 vorpal shortbow.
The centaur hits you.
* * * LOW HITPOINT WARNING * * *
The centaur hits you!
You die...
Your body disappears without a glow.

........##.#########.#
########...........##.#
............######.##.#
...########## #....#
...## #...## ...8#
#..#.######## ...##
#.###.......# ...#
#########....#####..#
...## .......@c..#.#
...8# .########(...#
...#### ### #.((##
...##8###8### #.#.#
............# #.#.#
............# #.#.#
............######c#.#
#8###8###8#........#.#
############.#####..†.


You could see a centaur.

Vanquished Creatures
  A bullfrog (D:6)
  A howler monkey (D:6)
  An iguana (D:6)
  2 worker ants
  4 adders
  A shadow imp (D:6)
  A white imp (D:4)
  2 oozes
  3 worms
  A dart slug (D:2)
  A leopard gecko (D:1)
  7 orcs (D:3)
  2 giant cockroaches
  2 gnoll zombies (D:3)
  7 hobgoblins
  2 ball pythons
  8 bats
  3 frilled lizards
  7 goblins
  8 kobolds
  8 rats
72 creatures vanquished.

Notes
Turn   | Place    | Note
-------+----------+-------------------------------------------
     0 | D:1      | Almogavar the Octopode Conjurer began the quest for the
                  | Orb.
     0 | D:1      | Reached XP level 1. HP: 11/11 MP: 3/3
   360 | D:1      | Reached XP level 2. HP: 16/17 MP: 1/5
  1194 | D:1      | Reached XP level 3. HP: 21/21 MP: 3/6
  1968 | D:2      | Found a broken altar of Ashenzari.
  2911 | D:3      | Reached XP level 4. HP: 25/27 MP: 4/7
  3037 | D:3      | Reached skill level 5 in Conjurations
  3130 | D:3      | Learned a level 2 spell: Searing Ray
  3291 | D:3      | Found a basalt altar of Yredelemnul.
  3900 | D:3      | Found a shimmering blue altar of Sif Muna.
  4213 | D:4      | Reached XP level 5. HP: 32/32 MP: 2/9
  4498 | D:4      | Found a stormy altar of Qazlal.
  4510 | D:4      | You fall into a shaft and drop 2 floors!
  4724 | D:6      | Reached XP level 6. HP: 37/37 MP: 6/11
  4840 | D:6      | Found a snail-covered altar of Cheibriados.
  4936 | D:6      | Found a staircase to the Ecumenical Temple.
  4946 | Temple   | Entered the Ecumenical Temple
  4963 | Temple   | Became a worshipper of Nemelex Xobeh the Trickster
  5128 | D:6      | Slain by a centaur

Illustrated notes

Levels and vault maps discovered:
D:1:      scummos_arrival_simple_crosswalls, layout_basic
D:2:      layout_basic, nicolae_ashenzari_panopticon, minmay_split_cup_large
D:3:      layout_loops_cross, lemuel_zombie_altar_yredelemnul, led_sif_pool,
          hangedman_feature_mirror
D:4:      layout_layer_cave, gammafunk_temple_overflow_pools,
          minmay_misc_feat_enclosed, grunt_qazlal_clouds
D:6:      layout_loops_ring, nicolae_overflow_hidden_temple,
          kennysheep_mini_moat, minmay_temple_entry_butterflies,
          corexii_hall_statues_l
Temple:   cyrus_circular_temple

Skill      XL: |  1  2  3  4 |
---------------+-------------+-----
Stealth        | 3 |  3.8
Conjurations   | 5 |  5.9
Spellcasting   | 3 |  3.8
Fighting       | |  0.7
Dodging        | |  2.3

Action                   |  1- 3 |  4- 6 || total
-------------------------+-------+-------++-------
Melee: Dagger            |    21 |     4 ||    25
       Constrict         |     6 |     2 ||     8
       Tentacles         |     4 |     2 ||     6
 Cast: Magic Dart        |    79 |    71 ||   150
       Searing Ray       |       |    10 ||    10
  Use: Scroll            |     3 |       ||     3
       Potion            |       |     1 ||     1
Armor: Skin              |     3 |       ||     3
Dodge: Dodged            |    23 |    14 ||    37
       Rpst.: Falchion   |       |     2 ||     2
